 Dungeon Crawl Stone Soup version 0.29.1-12-g30fa7ad0bf (webtiles) character file.

Game seed: 10172462926752674120

76 Peloso the Covered (level 4, -5/60 HPs)
             Began as a Minotaur Fighter on Dec 29, 2022.
             Killed from afar by Sigmund (9 damage)
             ... with a magic dart
             ... on level 2 of the Dungeon.
             The game lasted 00:02:20 (1741 turns).

Peloso the Covered (Minotaur Fighter)               Turns: 1741, Time: 00:02:21

Health: -5/60      AC:  9    Str: 26    XL:     4   Next: 12%
Magic:  3/3        EV:  8    Int:  5    God:
Gold:   73         SH:  5    Dex: 12    Spells: 3/3 levels left

rFire   . . .      SeeInvis .   a - +0 long sword
rCold   . . .      Faith    .   c - +0 buckler
rNeg    . . .      Spirit   .   m - +0 chain mail
rPois   .          Reflect  .   (helmet restricted)
rElec   .          Harm     .   (no cloak)
rCorr   .          Rampage  .   (no gloves)
Will    .....                   (no boots)
Stlth   ..........              (no amulet)
HPRegen 0.20/turn               i - +6 ring of strength
MPRegen 0.08/turn               (no ring)

@: berserking, very quick
A: horns 2, retaliatory headbutt
a: no special abilities


You were on level 2 of the Dungeon.
You visited 1 branch of the dungeon, and saw 2 of its levels.

You collected 73 gold pieces.

Inventory:

Hand Weapons
 a - a +0 long sword (weapon)
Armour
 b - a +0 scale mail
 c - a +0 buckler (worn)
 m - a +0 chain mail (worn)
Jewellery
 i - a +6 ring of strength (left hand)
 o - an amulet of the acrobat
Scrolls
 g - a scroll of butterflies {unknown}
 j - 2 scrolls of identify {unknown}
 k - a scroll of summoning {unknown}
Potions
 d - 2 potions of might
 e - a potion of mutation {unknown}
 f - a potion of curing {unknown}
 h - a potion of berserk rage
 l - a potion of brilliance {unknown}
 n - a potion of flight {unknown}
 p - a potion of heal wounds {unknown}


   Skills:
 + Level 4.0 Fighting
 + Level 3.9 Long Blades
 + Level 4.4 Armour
 + Level 4.0 Shields


You had 3 spell levels left.
You didn't know any spells.
Your spell library contained the following spells:

 Spells                   Type           Power      Damage    Failure   Level
 Call Canine Familiar     Summ           0%         N/A       100%        3
 Portal Projectile        Hex/Tloc       0%         N/A       100%        3
 Leda's Liquefaction      Hex/Erth       0%         N/A       100%        4


Dungeon Overview and Level Annotations

Branches:
Dungeon (2/15)

Altars:

Annotations:
D:2 Sigmund


Innate Abilities, Weirdness & Mutations

You have a pair of horns on your head.
You reflexively headbutt those who attack you in melee.


Message History

A magic dart appears from out of thin air!
The magic dart hits you! Something hits you.
You miss something. Something hits you.
You barely miss something. Your headbutt misses something.
You completely miss something. Something hits you.
You closely miss something. Your headbutt misses something. Something hits you.
You miss something. Something hits you but does no damage.
You slash something! Something hits you but does no damage.
You barely miss something. Something hits you.
You closely miss something. You miss something.
Something hits you but does no damage.
You closely miss something.
You hear some strange, mumbled words.
Something tries to affect you, but you resist.
You slash something! Something hits you.
* * * LOW HITPOINT WARNING * * *
You miss something. You headbutt something.
Something hits you but does no damage.
You barely miss something. Your headbutt misses something. Something hits you.
* * * LOW HITPOINT WARNING * * *
You closely miss something. Something hits you.
* * * LOW HITPOINT WARNING * * *
You miss something. Your headbutt misses something. You miss something.
You hear some strange, mumbled words.
Something tries to affect you, but you resist.
Something hits you but does no damage.
You closely miss something.
It was a potion of berserk rage.
A red film seems to cover your vision as you go berserk!
You feel yourself moving faster!
You feel mighty!
You hear some strange, mumbled words.
A magic dart appears from out of thin air!
The magic dart hits you but does no damage.
You miss something. Your headbutt misses something.
You hear some strange, mumbled words.
A magic dart appears from out of thin air!
The magic dart hits you!
You die...

#. ##.......#.##
#.######........#.##
#..>................
###.####...)#####.##
#.# #....# #.....
#.# #....# #.....
#.# #......+.....
#.# #....###.....
#@# ##+#.#<#.....
#{# #.#.#..... #.!
..#.###### ....
.#...# ..... ###.#
## #...... #.# #.
#......# #.# #.
#......# #####.###.
#.........


There were no monsters in sight!

Vanquished Creatures
  Jessica (D:2)
  Terence (D:2)
  A worm (D:1)
  An endoplasm (D:2)
  A giant cockroach (D:1)
  3 goblins
  A hobgoblin (D:1)
  2 kobolds (D:1)
  3 ball pythons
  5 bats
  2 frilled lizards
  3 rats (D:1)
24 creatures vanquished.

Notes
Turn   | Place    | Note
-------+----------+-------------------------------------------
     0 | D:1      | Peloso the Minotaur Fighter began the quest for the Orb.
     0 | D:1      | Reached XP level 1. HP: 19/19 MP: 0/0
    71 | D:1      | Found a faded altar of an unknown god.
   422 | D:1      | Reached XP level 2. HP: 23/27 MP: 1/1
  1345 | D:2      | Noticed Jessica
  1354 | D:2      | Killed Jessica
  1355 | D:2      | Reached XP level 3. HP: 32/33 MP: 2/2
  1462 | D:2      | Noticed Terence
  1472 | D:2      | Killed Terence
  1473 | D:2      | Reached XP level 4. HP: 26/40 MP: 3/3
  1714 | D:2      | Noticed Sigmund
  1736 | D:2      | HP: 2/40 [something (3)]
  1741 | D:2      | Killed from afar by Sigmund

Illustrated notes

Levels and vault maps discovered:
D:1:      amcnicky_arrival_wind_blow, layout_loops_corners,
          chequers_ecumenical_altar_simple, nicolae_wormholes
D:2:      layout_basic, uniq_jessica, uniq_sigmund, uniq_terence

Skill      XL: |  1  2 |
---------------+-------+-----
Armour         | 4 |  4.4
Fighting       | 4 |  4.0
Long Blades    | 3 |  3.9
Shields        | 4 |  4.0

Action                   |  1- 3 |  4- 6 || total
-------------------------+-------+-------++-------
Melee: Long sword        |    66 |    24 ||    90
       Headbutt          |     9 |     1 ||    10
  Use: Potion            |       |     1 ||     1
Armor: Scale mail        |    30 |       ||    30
       Chain mail        |    35 |     9 ||    44
Dodge: Dodged            |    30 |     1 ||    31
Block: Buckler           |    25 |     1 ||    26
